 Dungeon Crawl Stone Soup version 0.27-a0-1191-g601b473118 (webtiles) character file.

Game seed: 8247763322708894251

4778 rjrrt the Cleaver (level 10, -12/84 (88) HPs)
             Began as a Minotaur Berserker on May 24, 2021.
             Was a High Priest of Trog.
             Splashed by Erica's acid (16 damage)
             ... on level 8 of the Dungeon.
             The game lasted 00:12:15 (9427 turns).

rjrrt the Cleaver (Minotaur Berserker)              Turns: 9427, Time: 00:12:16

HP:   -12/84 (88)   AC: 14    Str: 25    XL:     10   Next: 23%
MP:   9/9           EV: 10    Int:  4    God:    Trog [*****.]
Gold: 331           SH:  0    Dex: 10    Spells: 9/9 levels left

rFire    . . .     SeeInvis .   a - +1 hand axe
rCold    . . .     Faith    .   (no shield)
rNeg     . . .     Spirit   .   h - +0 chain mail
rPois    .         Reflect  .   (helmet restricted)
rElec    .         Harm     .   q - +0 cloak
rCorr    .         Rampage  .   r - +1 pair of gloves
Will     .....                  (no boots)
Stlth    ..........             (no amulet)
HPRegen  0.24/turn              (no ring)
MPRegen  0.11/turn              (no ring)

@: on berserk cooldown, slowed, lightly drained, very slow
A: horns 2, retaliatory headbutt
a: Renounce Religion, Berserk, Trog's Hand, Brothers in Arms


You were on level 8 of the Dungeon.
You worshipped Trog.
Trog was extremely pleased with you.
You visited 1 branch of the dungeon, and saw 8 of its levels.
You also visited: Ossuary.

You collected 331 gold pieces.

Inventory:

Hand Weapons
 a - a +1 hand axe (weapon)
 b - a +3 trident of freezing
Missiles
 n - a throwing net
 o - 4 javelins (quivered)
Armour
 h - a +0 chain mail (worn)
 q - a +0 cloak (worn)
 r - a +1 pair of gloves (worn)
Wands
 f - a wand of iceblast (14)
 i - a wand of flame (18)
 k - a wand of acid (4)
 m - a wand of digging (7)
Scrolls
 c - a scroll of enchant armour
 d - 2 scrolls of identify
 j - 5 scrolls of teleportation
 s - 2 scrolls of magic mapping
Potions
 e - a potion of invisibility
 g - 3 potions of heal wounds
 l - 4 potions of haste
 u - a potion of ambrosia


   Skills:
 + Level 8.0 Fighting
 * Level 12.1 Axes
 + Level 7.6 Armour
 + Level 6.9 Dodging
 - Level 4.0 Evocations


You had 9 spell levels left.
You didn't know any spells.
Your spell library was empty.

Dungeon Overview and Level Annotations

Branches:
Dungeon (8/15)             Temple (0/1) D:7         Ossuary (visited)
   Lair: D:8-11

Altars:
Cheibriados
Elyvilon
Hepliaklqana
Makhleb
Nemelex Xobeh
Okawaru
Ru
Uskayaw
Yredelemnul

Shops:
D:7 (

Annotations:
D:8 Erica


Innate Abilities, Weirdness & Mutations

You have a pair of horns on your head.
You reflexively headbutt those who attack you in melee.


Message History

You hear some strange, mumbled words.
Something tries to affect you, but you resist.
You closely miss something. Your headbutt misses something. You hit the wight.
You feel very sick. Something hits you but does no damage.
The wight hits you with a +0 scimitar.
You miss something. Your headbutt misses something. You hit the wight.
You feel sick. Something hits you but does no damage.
The wight barely misses you. You furiously retaliate!
You headbutt the wight!
Unknown command.
You slash something! You hit the wight.
You destroy the wight!
Trog accepts your kill.
You feel sick.
You hear some strange, mumbled words.
Something tries to affect you, but you resist.
Unknown command.
You hit something but do no damage.
You feel sick.
You hear a zap.
A bolt of acid appears from out of thin air!
The bolt of acid misses you.
Unknown command.
You closely miss something. You headbutt something.
You feel sick.
You hear some strange, mumbled words.
A lance of force appears from out of thin air!
The lance of force hits you.
You are knocked back by the lance of force.
You feel sick.
There is a stone staircase leading up here.
Unknown command.
You feel sick.
You are no longer poisoned.
Something hits you. Something burns you.
* * * LOW HITPOINT WARNING * * *
You miss something.
You hear a zap.
A bolt of acid appears from out of thin air!
The bolt of acid hits you!!
* * * LOW HITPOINT WARNING * * *
You are splashed with acid!
You die...

###............ .
#.............. .
#<........... .
#............... .
#...............?...
#...................
#.................[.
#..<................
#..@.[[.............
#..{................
#...................
#...................
#......((...........
......................
###...................
.....#.#####.########
#######.# #.##......


There were no monsters in sight!

Vanquished Creatures
  Harold (D:7)
  Maggie (D:7)
  A steam dragon (D:6)
  Grum (D:8)
  A water moccasin (D:8)
  A sky beast (D:5)
  A black bear (D:6)
  6 ogres
  2 necrophages
  A centaur (D:5)
  2 wolves (D:8)
  A phantom (D:4)
  3 bullfrogs
  A kobold brigand (D:6)
  A scorpion (D:5)
  A wyvern zombie (D:7)
  A water moccasin zombie (D:6)
  2 water moccasin skeletons (D:5)
  9 wights
  2 howler monkeys (D:7)
  5 hounds
  3 jellies
  A bullfrog zombie (D:6)
  2 bullfrog skeletons
  Crazy Yiuf (D:7)
  7 centaur zombies
  5 orc priests
  2 iguanas
  Natasha (thrice) (D:2)
  6 orc wizards
  4 mummies (Ossuary)
  2 howler monkey zombies (D:8)
  3 gnolls (D:5)
  8 adders
  An ufetubus (D:7)
  An adder skeleton (D:4)
  3 worms
  4 dart slugs
  13 orcs
  8 bats
  7 endoplasms
  6 giant cockroaches
  7 hobgoblins
  8 jackals
  8 kobolds
  4 quokkas
  10 ball pythons
  3 frilled lizards
  8 goblins
  A hobgoblin zombie (Ossuary)
  6 rats
189 creatures vanquished.

Notes
Turn   | Place    | Note
-------+----------+-------------------------------------------
     0 | D:1      | rjrrt the Minotaur Berserker began the quest for the Orb.
     0 | D:1      | Reached XP level 1. HP: 19/19 MP: 0/0
    66 | D:1      | Reached skill level 4 in Axes
   209 | D:1      | Reached XP level 2. HP: 18/26 MP: 1/1
   427 | D:1      | Reached ** piety under Trog
   435 | D:1      | Reached skill level 5 in Axes
   443 | D:1      | Reached XP level 3. HP: 25/31 MP: 2/2
  1384 | D:2      | Noticed Natasha
  1391 | D:2      | Killed Natasha
  1392 | D:2      | Reached skill level 6 in Axes
  1392 | D:2      | Reached XP level 4. HP: 33/39 MP: 3/3
  1500 | D:2      | Found a white marble altar of Elyvilon.
  1651 | D:2      | Noticed Natasha
  1659 | D:2      | Killed Natasha
  1872 | D:2      | Reached *** piety under Trog
  2044 | D:2      | Noticed Natasha
  2053 | D:2      | Killed Natasha
  2054 | D:2      | Reached skill level 7 in Axes
  2054 | D:2      | Reached XP level 5. HP: 24/45 MP: 4/4
  2324 | D:3      | Found a burning altar of Makhleb.
  2622 | D:3      | Reached XP level 6. HP: 52/52 MP: 5/5
  2682 | D:3      | Reached skill level 1 in Evocations
  3691 | D:4      | Found a hazy altar of Hepliaklqana.
  3705 | D:4      | Found a sparkling altar of Nemelex Xobeh.
  3734 | D:4      | Reached skill level 8 in Axes
  3734 | D:4      | Reached XP level 7. HP: 60/60 MP: 6/6
  4036 | D:5      | Entered Level 5 of the Dungeon
  4111 | D:5      | Found a sacrificial altar of Ru.
  4134 | D:5      | Reached skill level 5 in Fighting
  4558 | D:5      | Reached XP level 8. HP: 68/68 MP: 7/7
  4559 | D:5      | Reached skill level 9 in Axes
  4583 | D:5      | Reached **** piety under Trog
  4893 | D:5      | Reached skill level 5 in Armour
  5164 | D:5      | Found a snail-covered altar of Cheibriados.
  5311 | D:5      | Found a hide-covered altar of Uskayaw.
  5311 | D:5      | Found a basalt altar of Yredelemnul.
  5539 | D:5      | Found an iron altar of Okawaru.
  5793 | D:6      | Found a sand-covered staircase.
  5798 | Ossuary  | Entered an ossuary
  5810 | Ossuary  | Reached skill level 10 in Axes
  5876 | Ossuary  | Reached skill level 5 in Dodging
  5909 | Ossuary  | Reached XP level 9. HP: 53/75 MP: 8/8
  5909 | Ossuary  | Reached ***** piety under Trog
  7332 | D:7      | Found a staircase to the Ecumenical Temple.
  7448 | D:7      | Found Wiam Feurgh's Antique Weapon Shop.
  7455 | D:7      | Noticed Harold
  7473 | D:7      | Killed Harold
  7474 | D:7      | Reached skill level 11 in Axes
  7634 | D:7      | Noticed Maggie
  7643 | D:7      | Killed Maggie
  7711 | D:7      | Reached XP level 10. HP: 81/88 MP: 9/9
  7993 | D:7      | Found a runed translucent door.
  7994 | D:7      | Noticed Crazy Yiuf
  8001 | D:7      | Killed Crazy Yiuf
  8742 | D:8      | Noticed Grum
  8879 | D:8      | Killed Grum
  8880 | D:8      | Reached skill level 12 in Axes
  9249 | D:8      | Noticed Erica
  9427 | D:8      | HP: 4/84 [something/bolt of acid (21)]
  9427 | D:8      | Splashed by Erica's acid

Illustrated notes

Levels and vault maps discovered:
D:1:      shiori_arrival_elements, layout_basic, minmay_misc_feat_chi,
          corexii_leaking_fountain, feat_on_display
D:2:      layout_basic, basic_altar, uniq_natasha
D:3:      layout_loops_cross, lightli_temple_of_fire,
          corexii_item_surrounded_by_moat
D:4:      layout_rooms, grunt_temple_overflow_open
D:5:      layout_rooms, lemuel_round_altar, jmf_multi_god_temple,
          nicolae_ru_great_annihilating_truth, slow_altar_2
D:6:      layout_basic, nicolae_ossuary_entry_false_entrances
D:7:      layout_layer_cave, minmay_temple_entry_statues_pillars, serial_shops,
          shop, minmay_liquid_box, uniq_maggie, uniq_crazy_yiuf_cottage,
          uniq_harold
D:8:      layout_basic, dpeg_lair_monsters, serial_aquarium,
          aquarium_bridge_square [aquarium_subvault_wall,
          aquarium_subvault_bridge, aquarium_subvault_bridge,
          aquarium_subvault_window], aquarium_bridge_long_joined
          [aquarium_subvault_window, aquarium_subvault_bridge,
          aquarium_subvault_wall, aquarium_subvault_window,
          aquarium_subvault_bridge, aquarium_subvault_wall],
          aquarium_window_fake, aquarium_window_corridor_1,
          aquarium_window_fake, aquarium_window_fake, aquarium_view_2c,
          lightli_corner_chamber, uniq_grum, uniq_erica, uniq_joseph

Skill      XL: |  1  2  3  4  5  6  7  8  9 10 |
---------------+-------------------------------+-----
Axes           | 4 5 6 7 8 10 11 12 | 12.1
Fighting       | 4 5 6 7 8 |  8.0
Evocations     | 1 2 3 4 |  4.0
Armour         | 3 4 5 7 |  7.6
Dodging        | 3 4 5 6 |  6.9

Action                   |  1- 3 |  4- 6 |  7- 9 | 10-12 || total
-------------------------+-------+-------+-------+-------++-------
Melee: Hand axe          |    82 |   131 |   319 |    79 ||   611
       Headbutt          |     8 |    19 |    69 |    18 ||   114
Throw: Javelin           |       |       |     1 |       ||     1
Invok: Berserk           |       |     3 |     4 |     4 ||    11
  Use: Scroll            |       |       |    13 |       ||    13
 Stab: Paralysed         |       |       |     2 |       ||     2
Armor: Animal skin       |    12 |       |       |       ||    12
       Chain mail        |     2 |    59 |   162 |    32 ||   255
       Leather armour    |     1 |       |       |       ||     1
Dodge: Dodged            |    71 |    33 |   135 |    36 ||   275

Table legend: (Time is in decaauts)
 A = Elapsed time spent in this place.
 B = Non-inter-level travel time spent in this place.
 C = Inter-level travel time spent in this place.
 D = Time resting spent in this place.
 E = Time spent auto-exploring this place.
 F = Levels seen in this place.
 G = Mean time per level.
                   A        B        C        D        E       F      G
               +--------+--------+--------+--------+--------+-----+--------+
         Total |   9438 |   9068 |    370 |   1251 |   6358 |   9 | 1048.7 |
       Dungeon |   9018 |   8648 |    370 |   1003 |   6358 |   8 | 1127.2 |
       Ossuary |    420 |    420 |      0 |    248 |      0 |   1 |  420.0 |
               +--------+--------+--------+--------+--------+-----+--------+

Top non-repeatable levels by time:
     D:7: 2113 daAuts
     D:5: 1348 daAuts
     D:2: 1229 daAuts
     D:4: 1223 daAuts
     D:1: 1028 daAuts
     D:6: 954 daAuts
     D:3: 884 daAuts
 Ossuary: 420 daAuts
     D:8: 237 daAuts
